[Event "Spring Chess Classic A 2024"]
[Site "Saint Louis"]
[Date "2024.04.17"]
[Round "6.4"]
[White "Hakobyan, Aram"]
[Black "Yoo, Christopher Woojin"]
[Result "1/2-1/2"]
[ECO "D39"]
[WhiteElo "2619"]
[BlackElo "2583"]
[Annotator "TA"]
[PlyCount "93"]
[EventDate "2024.04.11"]
[EventCountry "USA"]
[SourceTitle "playchess.com"]
[Source "ChessBase"]
[SourceQuality "1"]
[TimeControl "7200+30"]

1. d4 Nf6 2. c4 e6 3. Nf3 d5 4. Nc3 dxc4 5. e4 Bb4 6. Bg5 h6 7. Bxf6 Qxf6 8. Bxc4 c5 9. O-O {[%emt 0:00:20] D39: Queen's Gambit Declined: Ragozin Defence with 5 Bg5 dxc4.} cxd4 10. e5 $1 {[%emt 0:00:43] 10.e5 is better than 10.Nb5.} Qd8 11. Ne4 O-O 12. Nxd4 ({White should try} 12. Qe2 $11) 12... Nd7 (12... Qc7 $15 13. Qb3 Qxe5 14. Qxb4 Qxd4) 13. f4 $146 ({Predecessor:} 13. Nf3 Nb6 14. Qb3 Qe7 15. a3 Ba5 16. Nd6 Bd7 17. Bb5 Rab8 18. Rfd1 Rfd8 19. Rd4 {0-1 Mohannad,F (2286)-Ghaem Maghami,E (2581) Dubai op 14th 2012 (7)}) 13... Qb6 14. Kh1 Rd8 15. Nxe6 $1 fxe6 16. Qg4 (16. Qh5 $14 {is more appropriate.}) 16... Qd4 $11 17. Bxe6+ Kh8 18. Ng5 Nxe5 (18... hxg5 19. Qh5#) 19. fxe5 Qxg4 ({Stronger than} 19... hxg5 20. Qh5#) 20. Nf7+ Kg8 21. Bxg4 Rd4 $1 (21... Bxg4 $2 {loses.} 22. Nxd8 Bd7 (22... Rxd8 $2 23. Rf4 $18) 23. e6 $18 (23. Nxb7 Rb8 $18)) 22. Bxc8 Rxc8 23. a3 Be7 24. e6 Rc2 25. Rac1 Rxc1 26. Rxc1 Re4 27. Rc8+ Bf8 28. Rc1 Rxe6 29. Nd8 Re7 (29... Rb6 $17 30. b4 Ra6) 30. g3 g5 31. b4 Kh7 32. Kg2 h5 33. Rf1 Bg7 34. Rf7 Rxf7 35. Nxf7 Kg6 36. Nd8 b5 37. Nc6 a6 38. Nb8 Bb2 39. Nxa6 Bxa3 40. Nc7 Bxb4 41. Nxb5 g4 42. Nd4 Be7 43. h3 gxh3+ 44. Kxh3 Bd6 45. g4 Bh2 46. gxh5+ Kxh5 47. Kxh2 1/2-1/2

[Event "Spring Chess Classic A 2024"]
[Site "Saint Louis"]
[Date "2024.04.17"]
[Round "6.5"]
[White "Bok, Benjamin"]
[Black "Ter-Sahakyan, Samvel"]
[Result "0-1"]
[ECO "D02"]
[WhiteElo "2620"]
[BlackElo "2644"]
[Annotator "TA"]
[PlyCount "80"]
[EventDate "2024.04.11"]
[EventCountry "USA"]
[SourceTitle "playchess.com"]
[Source "ChessBase"]
[SourceQuality "1"]
[TimeControl "7200+30"]

1. Nf3 d5 2. g3 Nd7 3. d4 Nb6 4. a4 a5 5. Bg2 Bf5 6. Nc3 {[%emt 0:10:04] D02: 1 d4 d5 2 Nf3 sidelines, including 2...Nf6 3 g3 and 2...Nf6 3 Bf4.} h6 7. e4 $146 ({Predecessor:} 7. O-O Nf6 8. b3 e6 9. Bb2 Be7 10. e3 O-O 11. Ne5 Nbd7 12. Nd3 Rc8 13. Rc1 {1-0 Ghimpu,S (2458)-Baranciuc,A (2223) Bucharest Grand Prix rapid 2023 (8)}) 7... dxe4 8. Ne5 Nf6 $1 9. O-O ({White should try} 9. f3 $11) 9... e6 $15 10. Qe2 Qxd4 11. Nb5 (11. Qb5+ $142 c6 12. Nxc6 (12. Be3 $2 Qxe3 13. Nxc6 Qc5 $19) 12... bxc6 13. Qxc6+ Nfd7 (13... Ke7 $2 14. Be3 $18) 14. Nb5) 11... Qxe5 $17 12. Bf4 Qc5 (12... Qxb2 $2 13. Rab1 (13. Nxc7+ Kd8 $18) (13. Rfb1 Bg4 $18) 13... Bg4 14. Nxc7+ Ke7 15. Qe1 (15. Rxb2 Bxe2 16. Nxa8 Bxf1 $11) 15... Qxc2 16. Nxa8 $18 (16. Rxb6 Rb8 $18)) 13. Nxc7+ Ke7 14. Nxa8 Nxa8 15. Ra3 {[%emt 0:02:25] [#]} (15. Be3 $17 {keeps fighting.} Qc6 16. Qb5) 15... Nd5 $1 $19 16. Bxe4 Bxe4 (16... Nxf4 17. gxf4 g6 18. Rb3 $15) 17. Qxe4 f5 18. Qe5 Kf7 (18... Qxc2 19. Re1 (19. Rc1 Qe4 $11) 19... Qc6 20. Qxf5 $11) 19. Qb8 {[%emt 0:05:26] [#]} Nab6 $1 20. Rb3 (20. Qxb7+ $142 Be7 21. Rb3) 20... Qc6 $19 (20... Nxa4 21. Rxb7+ (21. Qxb7+ Be7 $17) 21... Kg8 22. Re1 Nxf4 23. Qxf4 $11) 21. Be3 Rg8 (21... Qxc2 22. Rxb6 Nxb6 23. Bxb6 $17) 22. Bxb6 Nxb6 23. Qe5 Bb4 ({Don't do} 23... Nxa4 24. Qxa5 Be7 (24... Qxc2 $2 25. Qxa4 Be7 26. Qb5 $18) 25. Qb5 $19) 24. c3 Nd7 ({Weaker is} 24... Qxa4 25. Qc7+ Kf6 26. Rxb4 axb4 27. Qxb6 $15) 25. Qe3 Be7 ({Not} 25... Qxa4 26. cxb4 axb4 27. Rc1 $16) 26. Rb5 b6 27. b4 Ra8 28. Re1 axb4 29. cxb4 Rxa4 30. Qb3 Qxb5 31. Qxe6+ Kf8 32. Qxe7+ Kg8 33. Qe8+ Kh7 34. h4 $2 (34. Rd1 Ra7 35. Qf7) 34... Qd5 35. h5 Ra8 36. Qg6+ Kg8 37. Re8+ Rxe8 38. Qxe8+ Nf8 39. b5 Qe6 40. Qd8 Kf7 0-1

[Event "Spring Chess Classic A 2024"]
[Site "Saint Louis"]
[Date "2024.04.18"]
[Round "7.1"]
[White "Ter-Sahakyan, Samvel"]
[Black "Mendonca, Leon Luke"]
[Result "1/2-1/2"]
[ECO "B80"]
[WhiteElo "2644"]
[BlackElo "2626"]
[Annotator "TA"]
[PlyCount "74"]
[EventDate "2024.04.11"]
[EventCountry "USA"]
[SourceTitle "playchess.com"]
[Source "ChessBase"]
[SourceQuality "1"]
[TimeControl "7200+30"]

1. e4 c5 2. Nf3 d6 3. d4 cxd4 4. Nxd4 Nf6 5. Nc3 a6 6. Be3 e6 7. a3 Be7 8. g4 d5 9. exd5 {[%emt 0:03:15] White has an edge.} Nxd5 10. Nxd5 Qxd5 11. Rg1 Qa5+ 12. c3 Bd7 {[%emt 0:07:39] The position is equal.} 13. Qb3 Qc7 14. Bg2 Nc6 $1 15. Nxc6 $1 Bxc6 16. Qc4 Rc8 17. Bxc6+ Qxc6 18. Qxc6+ Rxc6 19. Ke2 Bc5 20. Rad1 Ke7 21. Rd3 Rd8 22. Rxd8 Kxd8 $11 {[%emt 0:00:12][%mdl 4096] Endgame. KRB-KRB} 23. Bd2 Ke7 24. g5 f5 25. gxf6+ Kxf6 26. Rg4 Bd6 27. h3 h5 28. Rd4 g5 29. Be3 Kf5 30. f3 b5 31. Rd1 a5 32. Rd4 a4 33. Rd1 Ra6 34. Rd3 Rc6 35. Rd1 Ra6 36. Rd3 Rc6 37. Rd1 Ke5 {[%emt 0:00:04] Weighted Error Value: White=0.01 (flawless) /Black=0.02 (flawless) .  Mistake:       	---       	Black=1      Inaccurate:     	White=1     	---        OK:         	White=17    	Black=11     Strong:       	White=1     	Black=1} (37... Bc5 $11) 1/2-1/2

[Event "Spring Chess Classic A 2024"]
[Site "Saint Louis"]
[Date "2024.04.17"]
[Round "7.2"]
[White "Yoo, Christopher Woojin"]
[Black "Bok, Benjamin"]
[Result "1/2-1/2"]
[ECO "C65"]
[WhiteElo "2583"]
[BlackElo "2620"]
[Annotator "TA"]
[PlyCount "99"]
[EventDate "2024.04.11"]
[EventCountry "USA"]
[SourceTitle "playchess.com"]
[Source "ChessBase"]
[SourceQuality "1"]
[TimeControl "7200+30"]

1. e4 e5 2. Nf3 Nc6 3. Bb5 Nf6 4. d3 Bc5 5. Bg5 h6 6. Bh4 {[%emt 0:00:05] C65: Ruy Lopez: Berlin Defence (3...Nf6), unusual lines and 4 0-0 Bc5.} Be7 7. Nc3 d6 8. d4 Bd7 9. O-O O-O 10. Bxc6 Bxc6 11. dxe5 dxe5 $146 ({Predecessor:} 11... Nxe4 12. Bxe7 Qxe7 13. Nd5 Qd7 14. Re1 Nc5 15. exd6 cxd6 16. Ne7+ Kh8 17. Nxc6 Qxc6 18. c3 Rad8 {1-0 Thole,M-Jensen,C Olympiad-27 Dubai 1986 (6)}) 12. Nxe5 Bxe4 13. Qe2 (13. Nxe4 {simplifies} Nxe4 14. Re1 Bxh4 15. Rxe4 Qxd1+ 16. Rxd1 Rfe8 17. g3) 13... Qd4 14. Ng4 (14. Rfe1 {simplifies} Qxe5 15. Nxe4 Nxe4 16. Bxe7 Qxe7 17. Qxe4 Qxe4 18. Rxe4 Rfd8 19. Re7) 14... Bc6 $1 15. Qxe7 (15. Rad1 $5 Qf4 16. h3 Nxg4 17. Bg3 $11) 15... Qxg4 16. Bg3 Rac8 17. f3 Qf5 18. Qe2 Nd5 19. Nxd5 Bxd5 20. Qe5 Qxe5 21. Bxe5 Rfe8 22. Rfe1 f6 23. Bc3 Kf7 24. a3 Rxe1+ 25. Rxe1 Re8 26. Rxe8 Kxe8 27. Kf2 Be6 28. g4 Bd7 29. h4 Be6 30. Bd2 Kf7 31. Bf4 c6 32. Be3 a6 33. c3 g5 34. hxg5 hxg5 35. Kg3 Bb3 36. Bb6 Bd1 37. Bd8 Ke6 38. f4 gxf4+ 39. Kxf4 Be2 40. g5 fxg5+ 41. Bxg5 Kd5 42. Ke3 Bh5 43. Kd2 Kc4 44. Kc1 Bg6 45. Bf6 Kb3 46. Be7 Bh7 47. Bf8 Bg6 48. Be7 Bh7 49. Bf8 Bg6 50. Be7 1/2-1/2

[Event "Spring Chess Classic A 2024"]
[Site "Saint Louis"]
[Date "2024.04.18"]
[Round "7.3"]
[White "Theodorou, Nikolas"]
[Black "Hakobyan, Aram"]
[Result "1/2-1/2"]
[ECO "C53"]
[WhiteElo "2622"]
[BlackElo "2619"]
[Annotator "TA"]
[PlyCount "105"]
[EventDate "2024.04.11"]
[EventCountry "USA"]
[SourceTitle "playchess.com"]
[Source "ChessBase"]
[SourceQuality "1"]
[TimeControl "7200+30"]

1. e4 e5 2. Nf3 Nc6 3. Bc4 Bc5 4. c3 d6 5. d4 Bb6 6. dxe5 Bg4 {[%emt 0:00:06] C53: Giuoco Piano sidelines.} 7. exd6 Nf6 8. O-O O-O 9. Bg5 h6 $146 ({Predecessor:} 9... Bxf3 10. Qxf3 Qxd6 11. Bxf6 Qxf6 12. Qxf6 gxf6 13. Nd2 Rad8 14. Rad1 Rfe8 15. g3 Ne5 {1-0 Schaefer,A-Kiekhaefer,A Rangliste 1200-1500 19080 2015}) 10. Bh4 g5 11. Bg3 Nxe4 12. dxc7 (12. Qc2 {with more complications.} Bf5 13. dxc7 Qc8 14. Bd3) 12... Qxd1 13. Rxd1 Nxg3 14. hxg3 Bxc7 15. Nbd2 Rad8 16. Nf1 Bb6 17. Bd5 Rfe8 18. Bxc6 Rxd1 19. Rxd1 bxc6 20. Rd2 Bxf3 21. gxf3 h5 22. Kg2 Re1 23. a4 h4 (23... a5 $11) 24. gxh4 gxh4 {[%emt 0:00:01] [#]} 25. Nh2 (25. Ne3 $1 $16) 25... Ra1 (25... f5 $11 {remains equal.}) 26. b3 (26. Ng4 $16) 26... Rb1 27. b4 a5 28. bxa5 Bxa5 29. Rd6 Bxc3 30. Rxc6 Bd4 31. Rc4 h3+ 32. Kg3 Rg1+ 33. Kxh3 Bxf2 {[%emt 0:00:03] [#]} 34. Ng4 $1 Ba7 35. Rc7 Bb6 36. Rc6 Rb1 37. Nf6+ Kg7 38. Ne4 Rb4 39. Nd6 Ba5 40. Rc4 Kf6 41. Ne4+ Ke6 42. Rc6+ Ke7 43. Nc3 (43. Ra6 $14 Rxa4 44. Ra7+ Kf8 45. Nd6) 43... Rd4 $11 44. Nb5 Rxa4 45. Ra6 Ra1 46. Nd4 Bc3 47. Nf5+ Kd7 48. Rxa1 Bxa1 49. Kg4 Ke6 50. f4 Be5 51. fxe5 Kxe5 52. Ng3 f5+ 53. Nxf5 1/2-1/2

[Event "Spring Chess Classic A 2024"]
[Site "Saint Louis"]
[Date "2024.04.17"]
[Round "7.4"]
[White "Antipov, Mikhail Al."]
[Black "Mishra, Abhimanyu"]
[Result "1/2-1/2"]
[ECO "D39"]
[WhiteElo "2574"]
[BlackElo "2626"]
[Annotator "TA"]
[PlyCount "93"]
[EventDate "2024.04.11"]
[EventCountry "USA"]
[SourceTitle "playchess.com"]
[Source "ChessBase"]
[SourceQuality "1"]
[TimeControl "7200+30"]

1. d4 Nf6 2. c4 e6 3. Nf3 d5 4. Nc3 dxc4 5. e4 Bb4 6. Bg5 h6 7. Bxf6 Qxf6 8. Bxc4 c5 9. O-O {[%emt 0:00:20] D39: Queen's Gambit Declined: Ragozin Defence with 5 Bg5 dxc4.} cxd4 10. e5 $1 {[%emt 0:00:43] The main line 10.e5 scores better than 10.Nb5.} Qd8 11. Ne4 O-O 12. Nxd4 (12. Qe2 $11) 12... Nd7 (12... Qc7 $15 13. Qb3 Qxe5 14. Qxb4 Qxd4) 13. f4 $146 ({Predecessor:} 13. Nf3 Nb6 14. Qb3 Qe7 15. a3 Ba5 16. Nd6 Bd7 17. Bb5 Rab8 18. Rfd1 Rfd8 19. Rd4 {0-1 Mohannad,F (2286)-Ghaem Maghami,E (2581) Dubai op 14th 2012 (7)}) 13... Qb6 14. Kh1 Rd8 15. Nxe6 $1 fxe6 16. Qg4 ({White should play} 16. Qh5 $14) 16... Qd4 $11 17. Bxe6+ Kh8 18. Ng5 Nxe5 ({Stronger than} 18... hxg5 19. Qh5#) 19. fxe5 Qxg4 ({Inferior is} 19... hxg5 20. Qh5#) 20. Nf7+ Kg8 21. Bxg4 Rd4 $1 (21... Bxg4 $2 {is the wrong capture.} 22. Nxd8 Rxd8 23. Rf4 $18) 22. Bxc8 Rxc8 23. a3 Be7 24. e6 Rc2 25. Rac1 Rxc1 26. Rxc1 Re4 27. Rc8+ Bf8 28. Rc1 Rxe6 29. Nd8 Re7 (29... Rb6 $17 30. b4 Ra6) 30. g3 $11 g5 31. b4 Kh7 32. Kg2 h5 33. Rf1 Bg7 34. Rf7 $1 Rxf7 35. Nxf7 Kg6 36. Nd8 b5 37. Nc6 a6 38. Nb8 Bb2 39. Nxa6 Bxa3 40. Nc7 Bxb4 41. Nxb5 g4 42. Nd4 Be7 43. h3 gxh3+ 44. Kxh3 Bd6 45. g4 Bh2 46. gxh5+ $1 Kxh5 47. Kxh2 1/2-1/2

[Event "Spring Chess Classic A 2024"]
[Site "Saint Louis"]
[Date "2024.04.18"]
[Round "7.5"]
[White "Swiercz, Dariusz"]
[Black "Aryan Chopra"]
[Result "1/2-1/2"]
[ECO "E92"]
[WhiteElo "2612"]
[BlackElo "2630"]
[Annotator "TA"]
[PlyCount "106"]
[EventDate "2024.04.11"]
[EventCountry "USA"]
[SourceTitle "playchess.com"]
[Source "ChessBase"]
[SourceQuality "1"]
[TimeControl "7200+30"]

1. d4 Nf6 2. c4 g6 3. Nc3 Bg7 4. e4 d6 5. Be2 O-O 6. Nf3 e5 7. d5 Na6 8. Nd2 Ne8 9. Rb1 f5 10. b4 Nf6 11. O-O Kh8 {[%emt 0:28:36] E92: King's Indian: Classical: 6 Be2 e5: 7 dxe5, 7 Be3 and Petrosian System without 7...Nbd7.} 12. Re1 $146 ({Predecessor:} 12. Ba3 b6 13. f3 Bh6 14. Kh1 Be3 15. Nb3 f4 16. c5 Nh5 17. Qe1 Ng3+ 18. hxg3 Qg5 19. Rf2 fxg3 20. Nd1 Qh4+ 21. Kg1 Qh2+ 22. Kf1 Qh1# {0-1 Tari,A (2672)-Makarian,R (2533) Titled Tuesday intern op 05th Jul Late blitz 2022 (3)}) 12... c5 13. dxc6 bxc6 14. b5 cxb5 15. cxb5 Nc5 16. Ba3 Be6 17. Bxc5 dxc5 18. Qc2 c4 19. Bxc4 (19. Nxc4 Rc8 20. Rbd1 (20. Nxe5 Nxe4 21. Nc6 Rxc6 $17) 20... Qc7 $15) 19... Bxc4 20. Nxc4 Rc8 21. Nxe5 Ng4 22. Nc6 $1 Qd6 $1 23. e5 Nxe5 24. Rbd1 (24. Nxa7 $2 Ng4 25. Nxc8 Qxh2+ 26. Kf1 Rxc8 $19) 24... Qc7 $1 25. Nd5 Qb7 $1 26. Rxe5 ({Don't play} 26. Nde7 Qxe7 27. f4 Nxc6 28. Rxe7 Nxe7 $15) (26. Qd2 $14 Nxc6 27. bxc6 Qxc6 28. Ne7) 26... Bxe5 $11 27. Qc5 Bg7 28. a4 Rf7 29. h4 f4 30. Qc4 Qd7 31. Nc3 Qf5 32. Ne4 Rd7 $1 33. Rxd7 Qxd7 34. Ng5 h6 35. Nf3 Qf5 36. Qe2 Rc7 37. Kh2 Kh7 38. Qe8 Bf6 39. Qf8 Rg7 40. a5 g5 41. Ncd4 $1 Qg6 42. Ne6 g4 43. Nxg7 (43. Nxf4 $2 {perishes.} g3+ (43... Qf5 $2 44. g3 $19) 44. fxg3 Qxg3+ 45. Kh1 Qxf4 $19) 43... gxf3 ({Reject} 43... Bxg7 44. Qxf4 gxf3 45. Qxf3 $14) 44. gxf3 Qxg7 45. Qc8 Bd4 46. Qf5+ Kh8 47. Qc8+ Kh7 48. Qf5+ Kh8 49. h5 Bxf2 50. Qc8+ Qg8 51. Qc3+ Qg7 52. Qc8+ Qg8 53. Qc3+ Qg7 1/2-1/2

[Event "Spring Chess Classic A 2024"]
[Site "Saint Louis"]
[Date "2024.04.19"]
[Round "8.1"]
[White "Mendonca, Leon Luke"]
[Black "Aryan Chopra"]
[Result "1/2-1/2"]
[ECO "B48"]
[WhiteElo "2626"]
[BlackElo "2630"]
[Annotator "TA"]
[PlyCount "144"]
[EventDate "2024.04.11"]
[EventCountry "USA"]
[SourceTitle "playchess.com"]
[Source "ChessBase"]
[SourceQuality "1"]
[TimeControl "7200+30"]

1. e4 c5 2. Nf3 e6 3. d4 cxd4 4. Nxd4 Nc6 5. Nc3 Qc7 6. Be3 a6 7. g4 {[%emt 0:03:37] B48: Sicilian: Taimanov: 5 Nc3 Qc7 6 Be3 a6 without Be2.} h6 8. Rg1 b5 9. Nxc6 Qxc6 10. Qd2 b4 $146 ({Predecessor:} 10... Bb7 11. O-O-O Nf6 12. f3 Rc8 13. h4 d6 14. g5 hxg5 15. hxg5 Nd7 16. g6 f6 {0-1 Ruiz Perez,J (2089)-Morales Garcia,S (2234) Carlos Torre Memorial op 33rd 2023 (5)}) 11. Ne2 Qd6 12. O-O-O Qxd2+ 13. Rxd2 Nf6 14. e5 Nd5 15. Bg2 Bb7 16. Bxd5 Bxd5 17. Nf4 Bc6 18. Nh5 Rb8 19. f4 Rb5 20. f5 Bc5 21. Re1 Bxe3 22. Rxe3 g6 23. Nf6+ Ke7 24. fxg6 fxg6 25. h4 d6 26. Rxd6 Rxe5 $1 27. Rxe5 Kxd6 28. Re3 e5 29. a3 Ke6 30. Ne4 bxa3 31. bxa3 Bxe4 32. Rxe4 Rd8 33. Ra4 Rd6 34. c4 h5 35. c5 Rc6 36. gxh5 gxh5 (36... Rxc5+ 37. Kb2 gxh5 38. Rxa6+ Kf5 39. a4) 37. Ra5 Kd5 38. Kd2 Kd4 39. Ra4+ $1 Kxc5 40. Ra5+ Kd4 41. Ra4+ Kd5 42. Kd3 Rd6 43. Ke3 Ke6 44. Ke4 Rc6 45. Ra5 $1 Rc4+ 46. Kf3 Rxh4 47. Rxa6+ Kf5 48. a4 Rh3+ ({Black should try} 48... Rf4+ $15 49. Kg2 Ke4) 49. Kg2 $1 $11 Rc3 50. a5 Ra3 51. Ra8 h4 52. a6 h3+ 53. Kh2 Kf4 54. a7 Ke4 55. Kh1 (55. Kg1 {simplifies} Ra2 56. Rh8 Rxa7 57. Rxh3 Rf7 58. Kg2) 55... Ra2 56. Kg1 $1 ({Don't go for} 56. Rh8 $2 Rxa7 57. Rh5 Rg7 $19) 56... Rg2+ 57. Kh1 (57. Kf1 {simplifies} Rg7 58. Rh8 Rxa7 59. Rxh3 Kd4 60. Ke2) 57... Rg7 (57... Ra2 $5) 58. Kh2 Rh7 59. Kg1 Re7 60. Kh2 Ke3 61. Kxh3 e4 62. Kg4 Ke2 63. Kf5 e3 64. Kf6 Rh7 65. Ke6 Ke1 66. Kd6 e2 67. Kc6 Rf7 68. Kb6 Rf6+ 69. Kb5 Rf7 70. Kb6 Rf6+ 71. Kb5 Rf7 72. Kb6 Rf6+ (72... Kf2 $5 73. Re8 $8 Rxa7 74. Kxa7 e1=Q 75. Rxe1 Kxe1 $11) 1/2-1/2

[Event "Spring Chess Classic A 2024"]
[Site "Saint Louis"]
[Date "2024.04.19"]
[Round "8.2"]
[White "Mishra, Abhimanyu"]
[Black "Swiercz, Dariusz"]
[Result "1-0"]
[ECO "B12"]
[WhiteElo "2626"]
[BlackElo "2612"]
[Annotator "TA"]
[PlyCount "75"]
[EventDate "2024.04.11"]
[EventCountry "USA"]
[SourceTitle "playchess.com"]
[Source "ChessBase"]
[SourceQuality "1"]
[TimeControl "7200+30"]

1. e4 c6 2. d4 d5 3. e5 Bf5 4. Nd2 e6 5. Nb3 Nd7 6. Nf3 Qc7 7. Be2 c5 8. c3 c4 {[%emt 0:02:05] The position is equal.} 9. Nbd2 h6 10. Nf1 Ne7 11. Ne3 Bh7 12. Nh4 Nc6 13. g3 Be7 14. Nhg2 b5 15. O-O b4 16. f4 bxc3 17. bxc3 Qa5 18. Bd2 Ba3 19. f5 {[%emt 0:00:00] fxe6 would now be deadly.} Bb2 $2 {[%emt 0:00:03][%mdl 8192] This costs Black the game.} (19... O-O $16) 20. fxe6 $1 $18 fxe6 {[%emt 0:00:02][%cal Oe8c8] [#]} 21. Bh5+ $1 g6 {[%emt 0:00:03][%cal Ob2a1] [#]} 22. Qg4 (22. Rb1 $142 $1) 22... gxh5 (22... O-O-O) 23. Qxe6+ Ne7 24. Qf7+ Kd8 25. Qg7 Re8 26. Qxh7 Bxa1 27. Rxa1 {[%emt 0:00:00][%cal Og2f4] Strongly threatening Nf4!} Rb8 28. Nf4 Nf8 {[%emt 0:00:05] Wards off Ne6+} (28... Rb6 {was called for.} 29. Qf7 (29. Nxh5 Rb2 $16) 29... h4 30. Ne6+ (30. Nexd5 Nxd5 31. Nxd5 hxg3 $18) (30. gxh4 Qa6 $18) (30. Nfxd5 Nxd5 31. Nxd5 Rbe6 $18) 30... Rxe6) 29. Qf7 Rb2 (29... Qa6 $142 30. Nexd5 Nxd5) 30. Nfxd5 Rxd2 31. Nxe7 ({Stronger than} 31. Nxc4 Qxd5 32. Qxd5+ Nxd5 $17) 31... Rxe7 32. Qxf8+ Kd7 33. Nf5 ({Inferior is} 33. Nxc4 Qxc3 34. e6+ Rxe6 (34... Kxe6 35. Qc8+ Kd5 36. Qc5+ Ke4 37. Nd6+ Kf3 38. Rf1+ Ke2 39. Qxc3) 35. Qf7+ Kd8 36. Qf8+ Kd7 37. Qf7+ Kd8 38. Qg8+ Ke7 39. Qg7+ Ke8 40. Qg8+ Ke7 41. Qh7+ Kd8 42. Qg8+ Ke7 $11) (33. Rb1 $142 Qa6 34. Nd5 Rd1+ 35. Rxd1 Qa3 36. Qxe7+ Qxe7 37. Nxe7 Kxe7 38. h4) 33... Re8 34. Qd6+ {[%emt 0:00:00] White mates.} Kc8 35. Qc6+ Kd8 36. Rb1 Qc7 37. Qd5+ Kc8 38. Nd6+ {[%emt 0:00:00] Weighted Error Value: White=0.33/Black=0.86.  Loses game:     	---       	Black=1      Mistake:       	White=1     	Black=3      Inaccurate:     	---       	Black=4      OK:         	White=12    	Black=8      Best:        	White=3     	Black=1      Strong:       	White=2     	---} 1-0

[Event "Spring Chess Classic A 2024"]
[Site "Saint Louis"]
[Date "2024.04.19"]
[Round "8.3"]
[White "Hakobyan, Aram"]
[Black "Antipov, Mikhail Al."]
[Result "1/2-1/2"]
[ECO "D38"]
[WhiteElo "2619"]
[BlackElo "2574"]
[Annotator "TA"]
[PlyCount "74"]
[EventDate "2024.04.11"]
[EventCountry "USA"]
[SourceTitle "playchess.com"]
[Source "ChessBase"]
[SourceQuality "1"]
[TimeControl "7200+30"]

1. d4 Nf6 2. c4 e6 3. Nf3 d5 4. Nc3 Bb4 5. Bg5 h6 6. Bxf6 Qxf6 7. Qb3 c5 8. cxd5 exd5 9. dxc5 Bxc3+ 10. Qxc3 Qxc3+ 11. bxc3 Nd7 12. Rd1 Nf6 13. Nd4 O-O {[%emt 0:18:46] [#]} 14. c4 $1 Be6 (14... dxc4 15. Rc1) 15. e3 Rac8 {[%emt 0:03:25] [#]} 16. c6 $1 bxc6 17. c5 Bd7 18. f3 Rb8 19. Bd3 Rb2 20. Rd2 Rfb8 21. Nb3 Rxd2 22. Kxd2 Ne8 23. Kc3 Nc7 24. Nd4 Ne6 25. Nb3 Kf8 26. g4 Ke7 27. h4 Kd8 28. Bf5 Nc7 29. Bd3 Ne6 30. Rf1 a5 {[%emt 0:06:58] The position is equal.} 31. a4 Kc7 32. Ra1 g6 33. Be2 Re8 34. Kd2 Rb8 35. Kc3 Re8 36. Kd2 Rb8 37. Kc3 Re8 {[%emt 0:00:21] Weighted Error Value: White=0.06 (flawless) /Black=0.05 (flawless) .  Inaccurate:     	White=1     	Black=1      OK:         	White=10    	Black=13} 1/2-1/2

[Event "Spring Chess Classic A 2024"]
[Site "Saint Louis"]
[Date "2024.04.18"]
[Round "8.4"]
[White "Bok, Benjamin"]
[Black "Theodorou, Nikolas"]
[Result "1/2-1/2"]
[ECO "E06"]
[WhiteElo "2620"]
[BlackElo "2622"]
[Annotator "TA"]
[PlyCount "35"]
[EventDate "2024.04.11"]
[EventCountry "USA"]
[SourceTitle "playchess.com"]
[Source "ChessBase"]
[SourceQuality "1"]
[TimeControl "7200+30"]

1. d4 Nf6 2. c4 e6 3. Nf3 d5 4. g3 Be7 5. Bg2 O-O 6. Nc3 dxc4 7. Ne5 {[%emt 0:01:01] The position is equal.} Qd6 8. O-O Qa6 9. a4 Nc6 10. Nb5 Nxe5 11. dxe5 Rd8 $1 12. exf6 Rxd1 13. Rxd1 Bd6 (13... Bxf6 $2 {is the wrong capture.} 14. Nxc7 Qa5 15. Nxa8 $18) 14. Bf4 $1 Qa5 $1 15. Bd2 Qa6 {[%emt 0:01:27] And now ...Bd7 would win.} 16. Bf4 Qa5 $1 17. Bd2 Qa6 {[%emt 0:00:18] aiming for ...Bd7.} 18. Bf4 {[%emt 0:01:58] A rather calm draw.   Weighted Error Value: White=0.00 (flawless) /Black=0.00 (flawless) .  OK:         	White=6     	Black=3      Best:        	---       	Black=2      Strong:       	White=1     	Black=3} 1/2-1/2

[Event "Spring Chess Classic A 2024"]
[Site "Saint Louis"]
[Date "2024.04.19"]
[Round "8.5"]
[White "Ter-Sahakyan, Samvel"]
[Black "Yoo, Christopher Woojin"]
[Result "1/2-1/2"]
[ECO "B12"]
[WhiteElo "2644"]
[BlackElo "2583"]
[Annotator "TA"]
[PlyCount "58"]
[EventDate "2024.04.11"]
[EventCountry "USA"]
[SourceTitle "playchess.com"]
[Source "ChessBase"]
[SourceQuality "1"]
[TimeControl "7200+30"]

1. e4 c6 2. d4 d5 3. e5 Bf5 4. h4 h5 5. c4 dxc4 6. Bxc4 e6 7. Nc3 Nd7 8. Nge2 Be7 9. g3 b5 10. Bb3 b4 {[%emt 0:03:22] White has an edge.} 11. Na4 c5 12. Bf4 Nh6 (12... Qa5 $1 $14) 13. O-O Qa5 14. Nxc5 (14. Rc1 $16) 14... Nxc5 $11 15. dxc5 {[%emt 0:00:05] Nd4 would now be deadly.} Rd8 16. Qc1 Bxc5 17. Bxh6 Rxh6 18. Rd1 Rxd1+ 19. Qxd1 {[%emt 0:00:01] Black must now prevent Rc1.} Qb6 (19... Qc7 $14) 20. Rc1 $1 $16 {[%emt 0:02:35][%cal Oc1c5] Rxc5! would kill now.} g6 21. Kg2 (21. Qd2 {simplifies} Rh8 22. Nd4 Kf8 23. Nxf5 gxf5 24. Bd1) 21... Rh8 ({Worse is} 21... Bxf2 22. Rc8+ Ke7 23. Ba4 Be4+ 24. Kf1) 22. Bc2 Ke7 (22... Bxf2 $2 {loses.} 23. Bxf5 Ke7 24. Bxg6 $18) 23. Bxf5 gxf5 24. Qd2 Qc6+ 25. f3 $1 {[%emt 0:00:28] aiming for Qg5+. White is more active.} Qb5 26. Qg5+ ({White should try} 26. Rd1 $1 $16 {Qg5+ is the strong threat.} Kf8 27. Qd8+ Qe8 28. Qf6) 26... Kd7 $1 $14 {[%emt 0:00:20] [#]} 27. Qd2+ (27. Rc2 $142 $1) 27... Ke7 $1 $16 28. Qg5+ ({White should play} 28. Rd1 {Hoping for Qg5+.} Kf8 29. Qd8+ Qe8 30. Qf6) 28... Kd7 $1 {[%emt 0:00:08] [#]} 29. Qd2+ (29. Rc2 $142 $1) 29... Ke7 $1 {[%emt 0:00:29] Weighted Error Value: White=0.33/Black=0.13 (very precise) .  Mistake:       	White=5     	Black=2      Inaccurate:     	White=1     	Black=3      OK:         	White=8     	Black=5      Best:        	White=1     	Black=1      Strong:       	White=2     	Black=4} 1/2-1/2